 Dungeon Crawl Stone Soup version 0.28-b1-25-g9875b3fc8c (webtiles) character file.

Game seed: 11732192289272528536

105 cayde69 the Skirmisher (level 4, -1/41 HPs)
             Began as a Hill Orc Fighter on Feb 2, 2022.
             Was a Believer of Sif Muna.
             Slain by Natasha (2 damage)
             ... on level 3 of the Dungeon.
             The game lasted 00:04:46 (2001 turns).

cayde69 the Skirmisher (Hill Orc Fighter)           Turns: 2001, Time: 00:04:46

Health: -1/41      AC:  9    Str: 18    XL:     4   Next: 81%
Magic:  6/6        EV:  9    Int: 10    God:    Sif Muna [**....]
Gold:   47         SH:  4    Dex: 10    Spells: 5/5 levels left

rFire   . . .      SeeInvis .   a - +0 war axe
rCold   . . .      Faith    .   c - +0 buckler
rNeg    . . .      Spirit   .   b - +0 scale mail
rPois   .          Reflect  .   (no helmet)
rElec   .          Harm     .   g - +0 cloak
rCorr   .          Rampage  .   i - +0 pair of gloves
Will    .....                   (no boots)
Stlth   ..........              (no amulet)
HPRegen 0.13/turn               (no ring)
MPRegen 0.10/turn               (no ring)

@: mighty, slowed, very slow
A: no striking features
a: Renounce Religion, Channel Magic


You were on level 3 of the Dungeon.
You worshipped Sif Muna.
Sif Muna was pleased with you.
You visited 1 branch of the dungeon, and saw 3 of its levels.

You collected 47 gold pieces.

Inventory:

Hand Weapons
 a - a +0 war axe (weapon)
Armour
 b - a +0 scale mail (worn)
 c - a +0 buckler (worn)
 g - a +0 cloak (worn)
 i - a +0 pair of gloves (worn)
Scrolls
 f - 2 scrolls of fear {unknown}
 h - 2 scrolls of teleportation {unknown}
 j - a scroll of identify {unknown}
Potions
 d - a potion of might
 e - 3 potions of curing {unknown}
 k - a potion of degeneration {unknown}
 l - a potion of ambrosia {unknown}


   Skills:
 - Level 4.9 Fighting
 - Level 2.6 Axes
 - Level 3.2 Armour
 - Level 0.2 Dodging
 - Level 0.3 Stealth
 - Level 3.2 Shields
 + Level 1.4 Spellcasting
 + Level 2.2 Fire Magic


You had 5 spell levels left.
You didn't know any spells.
Your spell library was empty.

Dungeon Overview and Level Annotations

Branches:
Dungeon (3/15)

Altars:
Sif Muna
Wu Jian

Annotations:
D:3 Natasha


Message History

You kill the jackal!
Sif Muna accepts your kill.
You feel sick.
You are no longer poisoned.
You closely miss the giant cockroach. You slash the rat!
You kill the rat!
Sif Muna accepts your kill.
The giant cockroach bites you but does no damage. x2
You slash the giant cockroach!
You kill the giant cockroach!
Sif Muna accepts your kill.
There is a stone staircase leading up here.
You see here a giant cockroach corpse.
You start resting.
Magic restored.
You start resting.
Natasha, Servant of Life and Death comes into view.
Natasha hisses angrily.
Natasha stares at you and mumbles some strange words.
You feel yourself slow down.
Natasha mumbles some strange words.
You feel very mighty all of a sudden.
You are too injured to fight recklessly!
You are too injured to fight recklessly!
You are too injured to fight recklessly!
Natasha claws you.
* * * LOW HITPOINT WARNING * * *
The iron imp shouts, "Slither away, thou defiled common-kissing vulture!"
You block Natasha's attack.
You closely miss Natasha. Natasha claws you but does no damage.
Natasha barely misses you.
You slash Natasha!
Natasha is heavily wounded.
Natasha claws you!
* * * LOW HITPOINT WARNING * * *
Natasha claws you but does no damage.
You hit Natasha.
Natasha is severely wounded.
Natasha claws you.
You die...

.# #.. .. .# #.# #.##. #.# #
# #. .# #.# ...#.# #.###.
..... .#
#.####..#.####.##.#.#.#.#
.####.#.........##.##........
....#.#.........##.##.#.#.#.#
..........##....##.........#
....#.#.........##.##......#
......#.##.#....@h5..<...#
#######.##.#.....#.#######.#
#...†...#..####.#.........#
#.......##.## #.#.#######.#
#.......##..# #.#.########
#.......###.# #.#.........
#.......# #.###.#.########
#.......# #..##.#.####
#(......# ##.##......#


You could see an iron imp (summoned) and Natasha.

Vanquished Creatures
  An orc wizard (D:3)
  3 adders (D:3)
  3 dart slugs
  3 orcs (D:3)
  2 bats
  An endoplasm (D:2)
  A giant cockroach (D:3)
  4 hobgoblins
  3 jackals (D:3)
  2 kobolds (D:2)
  A quokka (D:1)
  5 ball pythons
  3 frilled lizards
  5 goblins
  9 rats
46 creatures vanquished.

Notes
Turn   | Place    | Note
-------+----------+-------------------------------------------
     0 | D:1      | cayde69 the Hill Orc Fighter began the quest for the Orb.
     0 | D:1      | Reached XP level 1. HP: 19/19 MP: 1/1
    58 | D:1      | Found a faded altar of an unknown god.
    85 | D:1      | Prayed at the altar of an unknown god.
    85 | D:1      | Became a worshipper of Sif Muna the Loreminder
    85 | D:1      | Reached * piety under Sif Muna
   121 | D:1      | Reached skill level 4 in Fighting
   344 | D:1      | Reached XP level 2. HP: 26/27 MP: 2/2
  1049 | D:2      | Reached XP level 3. HP: 35/35 MP: 3/3
  1616 | D:3      | Found an ornate altar of the Wu Jian Council.
  1724 | D:3      | Reached ** piety under Sif Muna
  1725 | D:3      | Reached skill level 1 in Spellcasting
  1725 | D:3      | Reached skill level 1 in Fire Magic
  1725 | D:3      | Reached XP level 4. HP: 36/41 MP: 3/5
  1932 | D:3      | Noticed a centaur
  1990 | D:3      | Noticed Natasha
  2000 | D:3      | HP: 1/41 [Natasha (7)]
  2001 | D:3      | Slain by Natasha

Illustrated notes

Levels and vault maps discovered:
D:1:      lemuel_arrival_river_ford, layout_loops_ring,
          ebering_ecumenical_altar_box
D:2:      layout_basic, lemuel_old_faithful
D:3:      layout_basic, lemuel_round_altar, nicolae_overflow_ecumenical_swirl,
          st_stairs_12, uniq_natasha

Skill      XL: |  1  2  3  4 |
---------------+-------------+-----
Fighting       | 4 |  4.9
Spellcasting   | 1 |  1.4
Fire Magic     | 1 2 |  2.2
Axes           | |  2.6
Armour         | |  3.2
Dodging        | |  0.2
Stealth        | |  0.3
Shields        | |  3.2

Action                   |  1- 3 |  4- 6 || total
-------------------------+-------+-------++-------
Melee: War axe           |   117 |    32 ||   149
  Use: Potion            |       |     1 ||     1
Armor: Scale mail        |    60 |    27 ||    87
Dodge: Dodged            |    54 |    24 ||    78
Block: Buckler           |    35 |    12 ||    47
